 Dungeon Crawl Stone Soup version 0.19.4-10-g532645f (webtiles) character file.

6771 Kosschaser the Quickloader (level 11, -1/68 HPs)
             Began as a Kobold Hunter on Feb 23, 2017.
             Was a Believer of Dithmenos.
             Slain by a polar bear (4 damage)
             ... on level 3 of the Lair of Beasts.
             The game lasted 01:05:05 (14339 turns).

Kosschaser the Quickloader (Kobold Hunter)         Turns: 14339, Time: 01:05:06

Health: -1/68      AC:  8    Str: 10    XL:     11   Next: 24%
Magic:  12/12      EV: 23    Int: 12    God:    Dithmenos [**....]
Gold:   776        SH:  0    Dex: 23    Spells: 0 memorised, 10 levels left

rFire  . . .     SeeInvis .     l - +1 short sword (speed)
rCold  . . .     Gourm    .     c - +0 leather armour
rNeg   . . .     Faith    .     (shield restricted)
rPois  .         Spirit   .     o - +0 helmet
rElec  .         Reflect  .     p - +0 cloak
rCorr  .         Harm     .     h - +0 pair of gloves
MR     +....     Clarity  +     t - +0 pair of boots
Stlth  ++++++....               (no amulet)
                                D - +3 ring of evasion
                                b - +4 ring of dexterity

@: lethally poisoned (-1 -> -13), wreathed by umbra
A: carnivore 3, clarity, magic resistance 1
a: Shadow Step, Renounce Religion


You were on level 3 of the Lair of Beasts.
You worshipped Dithmenos.
Dithmenos was pleased with you.
You were hungry.

You visited 4 branches of the dungeon, and saw 16 of its levels.

You collected 776 gold pieces.

Inventory:

Hand Weapons
 a - a +1 hand crossbow
 l - a +1 short sword of speed (weapon)
Missiles
 d - 72 bolts
Armour
 c - a +0 leather armour (worn)
 h - a +0 pair of gloves (worn)
 o - a +0 helmet (worn)
 p - a +0 cloak (worn)
 t - a +0 pair of boots (worn)
Jewellery
 b - a +4 ring of dexterity (left hand)
 q - an uncursed ring of see invisible
 D - a +3 ring of evasion (right hand)
Wands
 C - a wand of lightning (5/15)
 J - a wand of digging (14/24)
 K - a wand of lightning (4/15)
Scrolls
 e - 7 scrolls of remove curse
 j - a scroll of magic mapping
 k - 4 scrolls of amnesia
 s - 2 scrolls of teleportation
 x - a scroll of enchant armour
 y - 3 scrolls of enchant weapon
 A - 3 scrolls of recharging
 F - a scroll of summoning
Potions
 i - a potion of resistance
 n - a potion of cancellation
 r - 4 potions of might
 u - 2 potions of agility
 v - 2 potions of flight
 w - 2 potions of invisibility {unknown}
 z - a potion of ambrosia {unknown}
 B - 2 potions of curing {unknown}
 E - a potion of magic
 G - a potion of brilliance
 H - a potion of heal wounds {unknown}
Books
 I - a book of Frost

   Spells                             Type                      Level
   a - Freeze                         Ice                          1
   b - Throw Frost                    Conjuration/Ice              2
   c - Ozocubu's Armour               Charms/Ice                   3
   d - Throw Icicle                   Conjuration/Ice              4
   e - Summon Ice Beast               Ice/Summoning                4
Comestibles
 f - 4 meat rations
 g - a slice of pizza
 m - 2 royal jellies
 L - a beef jerky


   Skills:
 + Level 7.8 Fighting
 + Level 10.3 Short Blades
 + Level 11.0 Crossbows
 + Level 3.8 Armour
 + Level 6.5 Dodging
 * Level 9.2 Stealth
 + Level 1.3 Evocations


You had 10 spell levels left.
You didn't know any spells.

Dungeon Overview and Level Annotations

Branches:
Dungeon (10/15)            Temple (1/1) D:6            Lair (3/6) D:9
 Shoals (0/4) Lair:3          Orc (2/2) D:9
  Snake: Lair:2-4    Spider: Lair:2-4       Elf: Orc:2

Altars:
Ashenzari
Dithmenos
Elyvilon
Fedhas
Kikubaaqudgha
Makhleb
Nemelex Xobeh
Sif Muna
Trog
Vehumet
Yredelemnul
Zin
The Shining One

Annotations:
D:5 cirnu's ghost, novice DsCK
D:9 Erica


Innate Abilities, Weirdness & Mutations

You are small and have problems with some larger weapons.
You are carnivorous and can eat meat at any time.
You possess an exceptional clarity of mind.
You are resistant to hostile enchantments. (MR+)


Message History

The polar bear is almost dead.
The polar bear bites you!! The polar bear misses you.
The polar bear barely misses you.
You closely miss the polar bear.
The polar bear is almost dead.
You barely miss the polar bear.
The polar bear is almost dead.
The polar bear closely misses you. The polar bear claws you.
The polar bear closely misses you. The black mamba bites you.
You are poisoned.
The black mamba poisons you!
You barely miss the polar bear.
The polar bear is almost dead.
You feel sick.
You hit the polar bear but do no damage.
The polar bear is almost dead.
You feel sick. The polar bear bites you!!
* * * LOW HITPOINT WARNING * * *
The polar bear claws you.
You die...

................###.#...,**
............##.....#.F.,,,*
..?.........##.........,,**
........#....P.....#..****
..#.....#.......#.##,,*
.................##*,,*
........#.........#**,**
#............#...##*,,,***
##......#..###.h@#***,,*,*
.#..........###S........,*
.#.#...P#...#...........,**
...##.......(...........,,*
.<#.#.......#....((.....,,**
..#........#.#!....(....,,,*
..#.....................,,,*
.#......................,,**
#*.............,..P,,,,,,,*


You could see a polar bear (berserk) and a black mamba.

Vanquished Creatures
  Pikel (D:9)
  A komodo dragon (D:9)
  2 spiny frogs
  A troll (D:8)
  Grinder (D:6)
  2 hippogriffs
  A shadow (D:10)
  Eustachio (D:6)
  3 yaks (Lair:2)
  A basilisk (Lair:1)
  A steam dragon (D:10)
  A hungry ghost (D:7)
  3 water moccasins
  2 porcupines
  2 slaves (D:9)
  2 ice beasts
  2 orc warriors
  A sky beast (D:6)
  A black bear (D:9)
  An eye of draining (D:9)
  The ghost of cirnu the Skirmisher, an amateur DsCK of Xom (D:3)
  2 ogres
  3 centaurs
  A crocodile (Lair:2)
  2 big kobolds
  6 bullfrogs
  A wyvern skeleton (D:9)
  3 scorpions
  4 howler monkeys
  2 crimson imps
  4 jellies
  A quasit (D:7)
  3 orc priests
  8 hounds
  2 centaur skeletons (D:5)
  2 iguanas
  2 orc wizards (D:8)
  4 worker ants
  A hound skeleton (D:9)
  A worker ant zombie (D:5)
  12 adders
  A shadow imp (D:5)
  An adder zombie (D:5)
  An adder skeleton (D:7)
  2 worms
  A dart slug (D:2)
  9 leopard geckos
  20 orcs
  3 ball pythons
  6 giant cockroaches
  2 goblins
  5 hobgoblins
  4 jackals
  4 quokkas
  12 bats
  A frilled lizard (D:2)
  9 kobolds
  5 rats
181 creatures vanquished.

Vanquished Creatures (others)
  2 slaves (D:9)
  A fungus (Lair:2)
3 creatures vanquished.

Grand Total: 184 creatures vanquished

Notes
Turn   | Place    | Note
-------+----------+-------------------------------------------
     0 | D:1      | Kosschaser the Kobold Hunter began the quest for the Orb.
     0 | D:1      | Reached XP level 1. HP: 12/12 MP: 1/1
   101 | D:1      | Reached skill level 5 in Crossbows
   156 | D:1      | Reached XP level 2. HP: 14/18 MP: 2/2
   948 | D:2      | Reached XP level 3. HP: 16/22 MP: 3/3
  1422 | D:2      | Found a faded altar of an unknown god.
  1607 | D:3      | Noticed cirnu's ghost (amateur DsCK)
  1651 | D:3      | Reached skill level 1 in Short Blades
  1864 | D:3      | Reached XP level 4. HP: 27/27 MP: 4/4
  2176 | D:3      | Found a sparkling altar of Nemelex Xobeh.
  2437 | D:3      | Killed cirnu's ghost
  2437 | D:3      | Reached skill level 6 in Crossbows
  2437 | D:3      | Reached skill level 1 in Armour
  2437 | D:3      | Reached XP level 5. HP: 25/31 MP: 5/5
  2715 | D:4      | Found a radiant altar of Vehumet.
  3028 | D:4      | Reached XP level 6. HP: 36/36 MP: 6/6
  3438 | D:4      | Found a blossoming altar of Fedhas.
  3733 | D:5      | Entered Level 5 of the Dungeon
  3845 | D:5      | Reached skill level 7 in Crossbows
  3987 | D:5      | Noticed cirnu's ghost (novice DsCK)
  4013 | D:5      | Reached XP level 7. HP: 32/41 MP: 7/7
  4685 | D:5      | Reached skill level 5 in Stealth
  5048 | D:6      | Noticed Grinder
  5051 | D:6      | Killed Grinder
  5051 | D:6      | Reached XP level 8. HP: 48/48 MP: 8/8
  5215 | D:6      | Noticed Eustachio
  5231 | D:6      | Found a glowing silver altar of Zin.
  5297 | D:6      | Killed Eustachio
  5360 | D:6      | Reached skill level 5 in Short Blades
  5360 | D:6      | Reached skill level 8 in Crossbows
  5494 | D:6      | Found a staircase to the Ecumenical Temple.
  5503 | Temple   | Entered the Ecumenical Temple
  5558 | Temple   | Became a worshipper of Dithmenos the Shadowed
  5892 | D:6      | Gained mutation: You are resistant to hostile enchantments. (MR+) [mutagenic meat]
  5893 | D:6      | Gained mutation: You possess an exceptional clarity of mind. [mutagenic meat]
  6187 | D:7      | Reached XP level 9. HP: 52/52 MP: 9/9
  6317 | D:7      | Found a glowing golden altar of the Shining One.
  6317 | D:7      | Found an ancient bone altar of Kikubaaqudgha.
  6322 | D:7      | Found a faded altar of an unknown god.
  6324 | D:7      | Found a deep blue altar of Sif Muna.
  6325 | D:7      | Found a faded altar of an unknown god.
  6374 | D:7      | Found a sparkling altar of Nemelex Xobeh.
  6429 | D:7      | Reached skill level 9 in Crossbows
  6456 | D:7      | Reached skill level 5 in Fighting
  6644 | D:7      | Found a white marble altar of Elyvilon.
  7569 | D:8      | Reached * piety under Dithmenos
  8037 | D:8      | Noticed a hippogriff
  8042 | D:8      | Killed a hippogriff
  8587 | D:9      | Found a staircase to the Lair.
  8820 | D:9      | Reached skill level 10 in Crossbows
  8949 | D:9      | Noticed Erica
  8958 | D:10     | Entered Level 10 of the Dungeon
  9020 | D:10     | Noticed a death knight
  9255 | D:10     | Reached XP level 10. HP: 50/60 MP: 10/10
  9632 | D:10     | Reached ** piety under Dithmenos
  9633 | D:10     | Noticed a centaur warrior
  9665 | D:10     | Noticed a cyclops
  9672 | D:10     | Noticed a deep elf mage
  9972 | D:9      | Noticed Pikel
 10010 | D:9      | Killed Pikel
 10010 | D:9      | Reached skill level 5 in Dodging
 10010 | D:9      | Reached skill level 1 in Evocations
 10432 | D:9      | Found a staircase to the Orcish Mines.
 10510 | D:9      | Found a shattered altar of Ashenzari.
 10696 | D:10     | Noticed a brown ugly thing
 11051 | Orc:1    | Entered Level 1 of the Orcish Mines
 11066 | Orc:1    | Noticed an orc knight
 11591 | Orc:1    | Found a burning altar of Makhleb.
 11641 | Orc:1    | Noticed an orc sorcerer
 11666 | Orc:2    | Entered Level 2 of the Orcish Mines
 11848 | Lair:1   | Entered Level 1 of the Lair of Beasts
 12108 | Lair:1   | Got a brightly glowing plate armour
 12119 | Lair:1   | Identified the +0 plate armour "Byot" {+Inv MR+} (You found it on level 1 of the Lair of Beasts)
 12156 | Lair:1   | Noticed a komodo dragon
 13002 | D:9      | Killed a komodo dragon
 13301 | Lair:1   | Reached XP level 11. HP: 64/67 MP: 12/12
 13633 | Lair:1   | Noticed a four-headed hydra
 13807 | Lair:2   | Reached skill level 10 in Short Blades
 14132 | Lair:3   | Reached skill level 11 in Crossbows
 14339 | Lair:3   | HP: 3/68 [polar bear (20)]
 14339 | Lair:3   | Slain by a polar bear

Skill      XL: |  1  2  3  4  5  6  7  8  9 10 11 |
---------------+----------------------------------+-----
Crossbows      | 5 6 7 8 10 11 | 11.0
Short Blades   | 1 2 4 5 6 9 10 | 10.3
Stealth        | 2 3 4 5 6 8 9 |  9.2
Armour         | 1 2 3 |  3.8
Fighting       | 3 4 5 7 |  7.8
Dodging        | 3 4 5 6 |  6.5
Evocations     | 1 |  1.3

Action                   |  1- 3 |  4- 6 |  7- 9 | 10-12 || total
-------------------------+-------+-------+-------+-------++-------
Melee: Short sword       |     9 |       |    60 |   381 ||   450
       Dagger            |    18 |    82 |   371 |       ||   471
 Fire: Hand crossbow     |    51 |    63 |   199 |   115 ||   428
Evoke: Wand              |       |       |       |     7 ||     7
  Use: Scroll            |     6 |     6 |     4 |     9 ||    25
 Stab: Sleeping          |     2 |       |     4 |     3 ||     9
       Invisible         |       |     3 |       |       ||     3
       Distracted        |       |       |       |     1 ||     1
  Eat: Chunk             |     7 |     7 |    24 |     9 ||    47
Armor: Leather armour    |    10 |    13 |    49 |    37 ||   109
Dodge: Dodged            |    19 |    42 |   252 |   238 ||   551
